 Dungeon Crawl Stone Soup version 0.31-a0-263-ge8cad7f256 (webtiles) character file.

Game seed: 11810005892634354769

140 qw the Shooter (level 5, -1/30 HPs)
             Began as a Gargoyle Hexslinger on July 13, 2023.
             Slain by a bullfrog (3 damage)
             ... on level 3 of the Dungeon.
             The game lasted 00:00:54 (1993 turns).

qw the Shooter (Gargoyle Hexslinger)                Turns: 1993, Time: 00:00:54

Health: -1/30      AC:  9    Str: 11    XL:     5   Next: 23%
Magic:  6/6        EV: 10    Int: 14    God:
Gold:   105        SH:  0    Dex: 14    Spells: 5/6 levels left

rFire   . . .        g - +0 shortbow
rCold   . . .        (shield currently unavailable)
rNeg    + . .        l - +0 ring mail
rPois   inf          (no helmet)
rElec   +            (no cloak)
rCorr   .            (no gloves)
SInv    .            (no boots)
Will    .....        (no amulet)
Stlth   +            (no ring)
HPRegen 0.25/turn    (no ring)
MPRegen 0.10/turn

%: no passive effects
@: no status effects
A: sickness immunity, AC +4, negative energy resistance 1, electricity
resistance, torment resistance 1, petrification resistance
a: no special abilities


You were on level 3 of the Dungeon.
You visited 1 branch of the dungeon, and saw 3 of its levels.

You collected 105 gold pieces.


Innate Abilities, Weirdness & Mutations

You are immune to sickness and miasma.
Your stone body is resilient. (AC +4)
You are immune to poison.
You resist negative energy. (rN+)
You are resistant to electric shocks. (rElec)
You are resistant to unholy torment.
You are immune to petrification.


   Skills:
 - Level 2.0 Fighting
 + Level 4.8 Ranged Weapons
 - Level 1.0 Armour
 - Level 1.5 Dodging
 - Level 1.0 Spellcasting
 - Level 2.6 Hexes


You had 5 spell levels left.
You knew the following spells:

 Your Spells              Type           Power      Damage    Failure   Level
a - Slow                  Hex            32%        N/A       21%         1

Your spell library contained the following spells:

 Spells                   Type           Power      Damage    Failure   Level
 Inner Flame              Hex/Fire       4%         N/A       71%         3
 Portal Projectile        Hex/Tloc       8%         N/A       71%         3
 Cause Fear               Hex            4%         N/A       90%         4

Inventory:

Hand Weapons
 g - a +0 shortbow (weapon)
Armour
 d - a +0 cloak
 f - a +0 pair of gloves
 l - a +0 ring mail (worn)
Wands
 b - a wand of digging (6)
Scrolls
 a - a scroll of identify
Potions
 c - a potion of haste {unknown}
 e - a potion of curing
 h - a potion of might
 i - a potion of cancellation
 k - a potion of enlightenment {unknown}

Dungeon Overview and Level Annotations

Branches:
Dungeon (3/15)

Altars:

Shops:
D:2 (


Message History

You shoot an arrow. The arrow hits the bullfrog.
The bullfrog is moderately wounded.
The bullfrog barely misses you. x2
You shoot an arrow. The arrow barely misses the bullfrog.
The bullfrog hits you but does no damage.
The bullfrog closely misses you.
You shoot an arrow. The arrow closely misses the bullfrog.
The bullfrog hits you but does no damage. x2
You shoot an arrow.
The arrow hits the bullfrog but does no damage.
The bullfrog is moderately wounded.
The bullfrog closely misses you. The bullfrog hits you.
You shoot an arrow. The arrow closely misses the bullfrog.
The bullfrog hits you but does no damage.
The bullfrog hits you!
You shoot an arrow.
The arrow hits the bullfrog but does no damage.
The bullfrog is moderately wounded.
The bullfrog misses you. The bullfrog barely misses you.
You shoot an arrow. The arrow hits the bullfrog.
The bullfrog is heavily wounded.
The bullfrog completely misses you.
The bullfrog hits you but does no damage.
You shoot an arrow. The arrow barely misses the bullfrog.
The bullfrog closely misses you. The bullfrog hits you.
You shoot an arrow. The arrow barely misses the bullfrog.
The bullfrog hits you.
The bullfrog hits you but does no damage.
You shoot an arrow.
The arrow completely misses the bullfrog.
The bullfrog hits you. The bullfrog barely misses you.
You shoot an arrow. The arrow hits the bullfrog.
The bullfrog is severely wounded.
The bullfrog hits you but does no damage. x2
You shoot an arrow. The arrow closely misses the bullfrog.
The bullfrog barely misses you. The bullfrog hits you.
You shoot an arrow. The arrow hits the bullfrog.
The bullfrog is severely wounded.
The bullfrog hits you.
You die...

#.##.....#......#
#.#......#.#....#..
#.#...............)
#.#................
#.#..#..........#.#
#.#............##.#
#.#..#####..#......
#F#..#####..#......
#.@.........#.###.#
###.........#.# #.#
##.########+# #.#
#... #.# ####. ..#
.. #### # .... ####
#.


You could see a bullfrog.

Vanquished Creatures
  A centaur (D:3)
  A worm (D:3)
  9 ball pythons
  5 endoplasms
  7 giant cockroaches
  6 goblins
  4 hobgoblins
  7 kobolds
  2 quokkas
  5 bats
  6 rats
53 creatures vanquished.

Notes
Turn   | Place    | Note
-------+----------+-------------------------------------------
     0 | D:1      | qw the Gargoyle Hexslinger began the quest for the Orb.
     0 | D:1      | Reached XP level 1. HP: 12/12 MP: 2/2
     0 | D:1      | 0 ||| qw: Version: 0.3-a-52-g30416fa
     0 | D:1      | 0 ||| qw: Game counter: 7168
     0 | D:1      | 0 ||| qw: Melee chars always use a shield: true
     0 | D:1      | 0 ||| qw: God list: Okawaru
     0 | D:1      | 0 ||| qw: Allow faded altars: false
     0 | D:1      | 0 ||| qw: Do Orc after clearing Dungeon:15 true
     0 | D:1      | 0 ||| qw: Do second Lair branch before Depths: true
     0 | D:1      | 0 ||| qw: Lair rune preference: random
     0 | D:1      | 0 ||| qw: Goals: Normal
     0 | D:1      | 0 ||| PLANNING D:1-11
    93 | D:1      | Reached XP level 2. HP: 16/16 MP: 3/3
   294 | D:1      | Reached skill level 3 in Ranged Weapons
   413 | D:1      | Reached XP level 3. HP: 21/21 MP: 4/4
   505 | D:1      | 505 ||| DROPPING ring of magical power.
   506 | D:1      | 506 ||| READING 2 scrolls labelled ILUUTOUHOA.
   507 | D:1      | 507 ||| READING scroll labelled MITWUE LAOS.
   508 | D:1      | 508 ||| READING scroll labelled BUAR NEUMUHI.
   511 | D:1      | 511 ||| DRINKING 2 emerald potions.
   512 | D:1      | 512 ||| DROPPING scroll of poison.
   705 | D:2      | Found Tazukh's Antique Weapon Emporium.
   712 | D:2      | 712 ||| SHOPLISTING shortbow (66 gold, have 18).
  1280 | D:2      | 1280 ||| UPGRADING to +0 ring mail.
  1290 | D:2      | 1290 ||| DROPPING +0 robe.
  1291 | D:2      | 1291 ||| READING scroll labelled WIGERU HIAQOAG.
  1292 | D:2      | 1292 ||| READING scroll labelled RISUDOGRO ZUME.
  1293 | D:2      | 1293 ||| READING scroll labelled DIRPHO ZONG.
  1294 | D:2      | 1294 ||| READING 5 scrolls of identify.
  1294 | D:2      | 1294 ||| IDENTIFYING ruby potion
  1295 | D:2      | 1295 ||| READING 4 scrolls of identify.
  1295 | D:2      | 1295 ||| IDENTIFYING glowing brown potion
  1296 | D:2      | 1296 ||| READING 3 scrolls of identify.
  1296 | D:2      | 1296 ||| IDENTIFYING metallic clear potion
  1297 | D:2      | 1297 ||| READING 2 scrolls of identify.
  1297 | D:2      | 1297 ||| IDENTIFYING dark potion
  1298 | D:2      | 1298 ||| DROPPING potion of berserk rage.
  1299 | D:2      | 1299 ||| DROPPING potion of degeneration.
  1380 | D:3      | Noticed a centaur
  1385 | D:3      | HP: 4/21 [centaur/arrow (9)]
  1386 | D:3      | Killed a centaur
  1387 | D:3      | Reached skill level 4 in Ranged Weapons
  1387 | D:3      | Reached XP level 4. HP: 5/26 MP: 5/5
  1387 | D:3      | Reached XP level 5. HP: 6/30 MP: 6/6
  1387 | D:3      | 1387 ||| FLEEEEING.
  1388 | D:3      | 1388 ||| FLEEEEING.
  1389 | D:3      | 1389 ||| FLEEEEING.
  1390 | D:3      | 1390 ||| FLEEEEING.
  1391 | D:3      | 1391 ||| FLEEEEING.
  1392 | D:3      | 1392 ||| FLEEEEING.
  1393 | D:3      | 1393 ||| FLEEEEING.
  1394 | D:3      | 1394 ||| FLEEEEING.
  1395 | D:3      | 1395 ||| FLEEEEING.
  1396 | D:3      | 1396 ||| FLEEEEING.
  1397 | D:3      | 1397 ||| FLEEEEING.
  1399 | D:3      | 1399 ||| FLEEEEING.
  1400 | D:3      | 1400 ||| FLEEEEING.
  1401 | D:3      | 1401 ||| FLEEEEING.
  1402 | D:3      | 1402 ||| FLEEEEING.
  1403 | D:3      | 1403 ||| FLEEEEING.
  1404 | D:3      | 1404 ||| FLEEEEING.
  1405 | D:3      | 1405 ||| FLEEEEING.
  1406 | D:3      | 1406 ||| FLEEEEING.
  1407 | D:3      | 1407 ||| FLEEEEING.
  1409 | D:3      | 1409 ||| STAIRDANCE
  1847 | D:3      | 1847 ||| SWAPPING to +0 shortbow.
  1848 | D:3      | 1848 ||| DROPPING +1 sling of freezing.
  1954 | D:3      | Reached skill level 1 in Armour
  1990 | D:3      | HP: 7/30 [bullfrog (5)]
  1992 | D:3      | HP: 2/30 [bullfrog (6)]
  1993 | D:3      | Slain by a bullfrog

Levels and vault maps discovered:
D:1:      psy_arrival_radial02, layout_rooms
D:2:      layout_loops_ring, serial_shops, shop, lemuel_flame_loot_1
D:3:      layout_basic, minivault_23

Skill      XL: |  1  2  3  4  5 |
---------------+----------------+-----
Ranged Weapons | 3 4 |  4.8
Fighting       | 2 |  2.0
Armour         | 1 |  1.0
Dodging        | |  1.5
Spellcasting   | |  1.0
Hexes          | |  2.6

Action                     |  1- 3 |  4- 6 || total
---------------------------+-------+-------++-------
   Fire: Sling             |   127 |    34 ||   161
         Shortbow          |       |    18 ||    18
    Use: Scroll            |    10 |       ||    10
         Potion            |     1 |       ||     1
 Armour: Robe              |    12 |       ||    12
         Ring mail         |     5 |    19 ||    24
  Dodge: Dodged            |    28 |    20 ||    48

Table legend:
 A = Non-vault XP
 B = Vault XP
 C = Vault XP percentage of total XP
 D = Non-vault monster count
 E = Vault monster count
 F = Vault count percentage of total count
                 A         B        C        D         E       F
            +---------+---------+-------+---------+---------+-------
      Total |     201 |       0 |   0.0 |      53 |       0 |   0.0
            +---------+---------+-------+---------+---------+-------
        D:1 |      34 |       0 |   0.0 |      21 |       0 |   0.0
        D:2 |      25 |       0 |   0.0 |      15 |       0 |   0.0
        D:3 |     142 |       0 |   0.0 |      17 |       0 |   0.0
            +---------+---------+-------+---------+---------+-------
